 Dungeon Crawl Stone Soup version 0.20.1-1-g8b1a95d (webtiles) character file.

44 slep the Chopper (level 3, 0/28 HPs)
             Began as a Barachi Gladiator on Dec 22, 2017.
             Slain by an adder (3 damage)
             ... on level 2 of the Dungeon.
             The game lasted 00:04:14 (964 turns).

slep the Chopper (Barachi Gladiator)                 Turns: 964, Time: 00:04:14

Health: 0/28       AC:  4    Str: 15    XL:     3   Next: 62%
Magic:  3/3        EV: 13    Int:  6    God:
Gold:   22         SH:  0    Dex: 14    Spells: 2/2 levels left

rFire    . . .     SeeInvis .   a - +0 war axe
rCold    . . .     Gourm    .   (no shield)
rNeg     . . .     Faith    .   b - +0 leather armour
rPois    .         Spirit   .   c - +0 helmet
rElec    .         Reflect  .   (no cloak)
rCorr    .         Harm     .   (no gloves)
MR       .....                  (no boots)
Stlth    +.........             m - amulet of inaccuracy (curse)
Regen    0.1/turn               g - -2 ring of intelligence (curse)
MPRegen  0.1/turn               (no ring)

@: slow
A: +LOS, swims, slowness 1, strong legs 1
a: Hop


You were on level 2 of the Dungeon.
You were hungry.

You visited 1 branch of the dungeon, and saw 2 of its levels.

You collected 22 gold pieces.

Inventory:

Hand Weapons
 a - a +0 war axe (weapon)
Missiles
 d - 3 throwing nets (quivered)
Armour
 b - a +0 leather armour (worn)
 c - a +0 helmet (worn)
Jewellery
 g - a cursed -2 ring of intelligence (left hand)
 m - a cursed amulet of inaccuracy (around neck)
Scrolls
 e - 2 scrolls of magic mapping {unknown}
 k - a scroll of identify {unknown}
 l - a scroll of teleportation {unknown}
 n - a scroll of remove curse {unknown}
 o - a scroll of enchant armour {unknown}
 p - a scroll of noise {unknown}
Potions
 h - a potion of mutation {unknown}
 i - a potion of curing {unknown}
Comestibles
 f - a bread ration
 j - 4 fruits
 q - a royal jelly


   Skills:
 + Level 2.6 Fighting
 + Level 4.0 Axes
 + Level 2.1 Throwing
 + Level 1.2 Armour
 + Level 3.9 Dodging


You had 2 spell levels left.
You didn't know any spells.

Dungeon Overview and Level Annotations

Branches:
Dungeon (2/15)

Altars:


Innate Abilities, Weirdness & Mutations

Shadows flee at your approach. (+LOS)
You can swim through water.
You cover ground slowly.
You can hop short distances.


Message History

The adder is almost dead.
You miss the quokka. The adder bites you.
* * * LOW HITPOINT WARNING * * *
The quokka twitches its whiskers.
The quokka bites you but does no damage.
The adder misses you. The quokka misses you.
You miss the adder.
The adder is almost dead.
You hit the quokka. The adder barely misses you. The quokka bites you.
* * * LOW HITPOINT WARNING * * *
The adder closely misses you.
You completely miss the adder.
The adder is almost dead.
You miss the quokka.
The quokka bites you but does no damage.
The adder bites you but does no damage. The quokka barely misses you.
You hit the quokka.
You kill the quokka!
You barely miss the adder. The adder bites you.
You die...

..'...<# #..........
..##.#.# #......$.. ..##.#.#
#........ ..##.#.# #.......
.###.#.# #......
...#.#.#.####.....
##.#.#.#.......[g#
#....#.#.......)S###
#..###.#........@..#######
#......#.................#
....####.................###
....# #....................
....##
#.................####
.....#
#.....................
.....# #.................##
.....# ##########........#
.....# ##########........#


You could see an adder and a hobgoblin.

Vanquished Creatures
  An adder (D:2)
  A worm (D:2)
  2 bats (D:1)
  2 giant cockroaches (D:1)
  2 goblins (D:1)
  4 hobgoblins (D:1)
  3 jackals (D:1)
  8 kobolds
  A quokka (D:2)
  A frilled lizard (D:1)
  5 rats (D:1)
30 creatures vanquished.

Notes
Turn   | Place    | Note
-------+----------+-------------------------------------------
     0 | D:1      | slep the Barachi Gladiator began the quest for the Orb.
     0 | D:1      | Reached XP level 1. HP: 17/17 MP: 1/1
   155 | D:1      | Reached XP level 2. HP: 18/23 MP: 2/2
   448 | D:1      | Reached skill level 1 in Armour
   448 | D:1      | Reached XP level 3. HP: 28/28 MP: 3/3
   942 | D:2      | Reached skill level 4 in Axes
   964 | D:2      | Slain by an adder

Skill      XL: |  1  2  3 |
---------------+----------+-----
Armour         | 1 |  1.2
Axes           | 4 |  4.0
Fighting       | |  2.6
Throwing       | |  2.1
Dodging        | |  3.9

Action                   || total
-------------------------++-------
Melee: War axe           ||    95
Armor: Leather armour    ||    41
Dodge: Dodged            ||   110
